 Dungeon Crawl Stone Soup version 0.28.0-49-g6dfe1f597d (webtiles) character file.

Game seed: 4527214205146853793

21394 101zpm the Eclecticist (level 13, -8/69 HPs)
             Began as a Djinni Fire Elementalist on May 13, 2022.
             Was a Priest of Hepliaklqana.
             Mangled by a minotaur
             ... wielding a staff of fire
              (27 damage)
             ... in a Gauntlet.
             The game lasted 00:48:46 (14116 turns).

101zpm the Eclecticist (Djinni Fire Elementalist)  Turns: 14116, Time: 00:48:47

Health: -8/69      AC:  9    Str:  7    XL:     13   Next: 19%
Gold:   163        EV: 12    Int: 21    God:    Hepliaklqana [***...] SH:  5 Dex: 15

rFire   + + .      SeeInvis +   M - +5 broad axe "Fifieth" {speed, rC++ SInv}
rCold   + + +      Faith    .   (no shield)
rNeg    . . .      Spirit   .   I - +1 leather armour of the Saviour {rC++ Regen+ rCorr}
rPois   ∞          Reflect  +   (no helmet)
rElec   .          Harm     .   r - +2 cloak of Noon {+Inv rPois Stlth-}
rCorr   +          Rampage  .   w - +1 pair of gloves
Will    +....      NoTele   +   (boots unavailable)
Stlth   +.........              d - amulet of reflection
HPRegen 1.01/turn               A - ring of wizardry
MPRegen 0.00/turn               a - ring of see invisible

@: flying
A: reduced essence, sickness immunity, fire resistance 2, cold vulnerability 1,
float, innate caster, HP casting, extra vitality 1
a: Renounce Religion, Evoke Invisibility, Ancestor Life: Knight, Ancestor Life:
Battlemage, Ancestor Life: Hexer, Recall Ancestor, Ancestor Identity,
Transference


You were in a Gauntlet.
You worshipped Hepliaklqana.
Hepliaklqana was most pleased with you.
You visited 3 branches of the dungeon, and saw 14 of its levels.
You also visited: Bailey and Gauntlet.

You collected 692 gold pieces.
You spent 529 gold pieces at shops.

Inventory:

Hand Weapons
 x - a +5 mace
 M - the +5 broad axe "Fifieth" (weapon) {speed, rC++ SInv}
   (You found it in a Gauntlet)

   Attacks with this weapon are significantly faster.
   rC:        It greatly protects you from cold.
   SInv:      It lets you see invisible.
Missiles
 s - 18 boomerangs
Armour
 m - a +0 troll leather armour
 r - the +2 cloak of Noon (worn) {+Inv rPois Stlth-}
   (You acquired it in a bailey)

   rPois:     It protects you from poison.
   +Inv:      It lets you turn invisible.
   Stlth:     It makes you less stealthy.
 t - the +3 chain mail of the Five Suns {rElec rF+ Str+4}
   (You found it in a bailey)

   Str:       It affects your strength (+4).
   rF:        It protects you from fire.
   rElec:     It insulates you from electricity.
 w - a +1 pair of gloves (worn)
 I - the +1 leather armour of the Saviour (worn) {rC++ Regen+ rCorr}
   (You bought it in a shop on level 2 of the Dungeon)

   rC:        It greatly protects you from cold.
   Regen:     It increases your rate of health regeneration.
   rCorr:     It protects you from acid and corrosion.
 N - the -4 hat of Ignis's Favour {Int+3}
   (You found it in a Gauntlet)

   Int:       It affects your intelligence (+3).
Jewellery
 a - a ring of see invisible (right hand)
 d - an amulet of reflection (around neck)
 A - a ring of wizardry (left hand)
Wands
 e - a wand of mindburst (16)
 u - a wand of acid (6)
 C - a wand of paralysis (3)
 E - a wand of polymorph (7)
Scrolls
 b - 4 scrolls of magic mapping
 i - a scroll of summoning
 j - a scroll of blinking
 k - 4 scrolls of enchant weapon
 n - a scroll of fear
 q - 7 scrolls of teleportation
 v - 3 scrolls of fog
 y - 2 scrolls of noise
 B - a scroll of enchant armour
 D - a scroll of amnesia
 H - a scroll of immolation {unknown}
 J - a scroll of torment {unknown}
Potions
 c - a potion of flight {unknown}
 f - a potion of lignification {unknown}
 g - 4 potions of might {unknown}
 h - 3 potions of cancellation {unknown}
 l - 2 potions of attraction {unknown}
 o - 5 potions of heal wounds {unknown}
 p - 3 potions of mutation
 z - 2 potions of curing {unknown}
 F - 2 potions of magic {unknown}
 G - a potion of degeneration {unknown}
 K - a potion of invisibility {unknown}
 L - a potion of brilliance {unknown}


   Skills:
 + Level 1.2 Fighting
 + Level 3.6 Armour
 + Level 3.5 Dodging
 + Level 4.1 Stealth
 + Level 0.2 Shields
 + Level 15.5 Spellcasting


You had 11 spell levels left.
You knew the following spells:

 Your Spells              Type           Power      Damage    Failure   Level
a - Foxfire               Conj/Fire      100%       2x1d9     0%          1
b - Scorch                Fire           100%       2d10      0%          2
c - Conjure Flame         Conj/Fire      69%        6-21      1%          3
d - Inner Flame           Hex/Fire       69%        N/A       1%          3
e - Flame Wave            Conj/Fire      69%        2d13      1%          4
f - Shock                 Conj/Air       100%       1d9       0%          1
g - Corpse Rot            Necr/Air       100%       N/A       0%          2
h - Gell's Gravitas       Tloc           69%        N/A       1%          3
i - Sticky Flame          Conj/Fire      69%        2d8       1%          4
j - Summon Ice Beast      Ice/Summ       69%        N/A       1%          4
k - Freezing Cloud        Conj/Ice/Air   34%        6-21      1%          5
Your spell library was empty.

Dungeon Overview and Level Annotations

Branches:
Dungeon (10/15)            Temple (1/1) D:7            Lair (3/6) D:8
  Swamp (0/4) Lair:3        Snake (0/4) Lair:3       Bailey (visited)
Gauntlet (1/1)
    Orc: D:9-12

Altars:
Ashenzari
Cheibriados
Dithmenos
Fedhas
Hepliaklqana
Kikubaaqudgha
Nemelex Xobeh
Okawaru
Qazlal
Ru
Sif Muna
Trog
Uskayaw
Vehumet
Wu Jian
Xom
Yredelemnul
Zin
The Shining One
Lugonu

Shops:
D:2 *[

Annotations:
D:9 2 transporters Gauntlet 8 transporters, 3 runed translucent doors


Innate Abilities, Weirdness & Mutations

Your life essence is reduced to manifest your ancestor. (-10% HP)
You are immune to sickness and miasma.
You are immune to poison.
Your flesh is very heat resistant. (rF++)
You are vulnerable to cold. (rC-)
You float through the air rather than walking.
You learn spells naturally, not from books.
Your magical power is your life essence.
You have superior vitality. (+4 MHP)


Message History

Flames lash the minotaur but do no damage.
Your ice beast hits the minotaur but does no damage.
The minotaur hits Agathoclea with a staff of fire!!
The minotaur burns Agathoclea.
The minotaur gores Agathoclea but does no damage.
Agathoclea hits the minotaur.
Flame seeps out of the minotaur.
Casting: Scorch (safe; 0% risk of failure)
Confirm with . or Enter, or press ? or * to list all spells.
Flames lash the minotaur.
The minotaur resists.
Flame seeps out of the minotaur.
The minotaur is lightly wounded.
The minotaur's fire resistance burns away.
Your foxfire dissipates!
Your ice beast hits the minotaur but does no damage.
The minotaur hits Agathoclea with a staff of fire!!
The minotaur burns Agathoclea.
Agathoclea is destroyed!
Casting: Scorch (safe; 0% risk of failure)
Confirm with . or Enter, or press ? or * to list all spells.
Aiming: Freezing Cloud (safe; 1% risk of failure)
Press: ? - help, Dir - move target, f - you That beam is likely to hit you.
Continue anyway?
Okay, then.
Casting: Freezing Cloud (safe; 1% risk of failure)
Confirm with . or Enter, or press ? or * to list all spells.
Aiming: Gell's Gravitas (safe; 1% risk of failure)
Press: ? - help, Dir - move target, f - minotaur
Aim: a minotaur, wielding a staff of fire, wearing a +0 plate armour, wearing an amulet of regeneration and quivering silver javelins (flame, lightly wounded, inner flame, more vulnerable to fire, ally target) Gravity reorients around the minotaur.
Your ice beast collides with the minotaur!
Your ice beast disappears in a puff of smoke!
The minotaur hits you with a staff of fire!!
The minotaur barely misses you.
Casting: Gell's Gravitas (safe; 1% risk of failure)
Confirm with . or Enter, or press ? or * to list all spells.
The fire begins to smoulder!
* * * LOW HITPOINT WARNING * * *
The minotaur is no longer more vulnerable to fire.
The minotaur hits you with a staff of fire!!
You die...

#≈≈...#.#### ##≈...#.....
##...###### ##≈.♣.......
#####≈≈...######
#...##≈...#zzzzz
##########.♣.###.P.#z.#.#
####..#...H.#...##..♣.#(.#.#
#....####.#@#.♣.#.....#©z#©#
#.#### §..#.#...#.♣P..#z.#.#
#.# ..##.#.#.©.#.....#[.#.#
#.# ## #.#.#...#.....#...z.
#.# #.#.#.©.#.....###### #.#
..#.....#..∩........ #.#
#.#.#.©.#.....###### #.#
#.#...#.....#sH... #.#
#.#.©.#.....#l....


You could see a minotaur (inner flame).

Vanquished Creatures
  An orc warlord (Bailey)
  A green death (Gauntlet)
  3 hydras
  A two-headed ogre (D:9)
  An orc knight (Bailey)
  An oklob plant (Gauntlet)
  A black mamba (Lair:3)
  A black mamba (shapeshifter) (D:10)
  2 elephants (Lair:2)
  A gargoyle (D:7)
  An orange demon (Gauntlet)
  A rime drake (Lair:3)
  3 cane toads
  6 komodo dragons
  A troll (D:8)
  A tyrant leech (Lair:3)
  A hornet (D:9)
  Prince Ribbit (D:7)
  Sigmund (D:2)
  2 wyverns
  10 yaks
  A basilisk (Lair:2)
  4 vampire mosquitoes (D:10)
  A steam dragon (D:5)
  Menkaure (D:7)
  2 swamp worms (Lair:3)
  4 water moccasins
  An ice beast (D:5)
  3 sky beasts
  2 black bears
  6 orc warriors
  A necrophage (D:4)
  3 ogres
  A boggart (Gauntlet)
  5 centaurs
  8 wolves
  3 phantoms
  8 bullfrogs
  Blork the orc (D:5)
  4 scorpions
  6 killer bees (D:7)
  13 wights
  5 howler monkeys
  A bullfrog zombie (D:6)
  A centaur zombie (D:6)
  3 orc priests
  A bullfrog skeleton (D:5)
  A gnoll shaman (D:6)
  A centaur skeleton (D:6)
  4 iguanas
  Natasha (thrice) (D:2)
  5 orc wizards
  2 hell rats (Lair:2)
  A howler monkey zombie (D:7)
  12 gnolls
  A howler monkey skeleton (D:6)
  8 adders
  6 river rats (Lair:2)
  A shadow imp (D:8)
  2 white imps
  An ufetubus (D:3)
  An adder skeleton (D:4)
  2 worms (D:2)
  A dart slug (D:1)
  20 orcs
  5 endoplasms
  4 giant cockroaches
  20 goblins
  13 hobgoblins
  8 jackals (D:1)
  14 kobolds
  3 quokkas
  5 ball pythons
  9 bats
  A frilled lizard (D:2)
  7 rats
  A bush (Lair:2)
292 creatures vanquished.

Vanquished Creatures (collateral kills)
  A two-headed ogre (D:10)
  A worldbinder (Gauntlet)
  An elephant (Lair:2)
  A cane toad (Lair:2)
  2 acid dragons (Gauntlet)
  2 water moccasins (Lair:2)
  A wolf (Lair:1)
  A bullfrog (Lair:3)
  10 foxfires
20 creatures vanquished.

Vanquished Creatures (others)
  3 ancestors
  3 demonic plants (Gauntlet)
  1087 foxfires
  3 fungi
  6 plants
  A withered plant (Gauntlet)
1103 creatures vanquished.

Grand Total: 1415 creatures vanquished

Notes
Turn   | Place    | Note
-------+----------+-------------------------------------------
     0 | D:1      | 101zpm the Djinni Fire Elementalist began the quest for the
                  | Orb.
     0 | D:1      | Reached XP level 1. HP: 15/15 MP: 0/0
     2 | D:2      | Found Udwiyl's Armour Emporium.
     6 | D:3      | Noticed an orc wizard
    95 | D:2      | Reached XP level 2. HP: 16/21 MP: 0/0
   507 | D:2      | Found Qoloon's Assorted Antiques.
   796 | D:2      | Reached skill level 3 in Spellcasting
   796 | D:2      | Reached XP level 3. HP: 18/25 MP: 0/0
   796 | D:2      | Learned a level 1 spell: Shock
  1194 | D:2      | Noticed Natasha
  1575 | D:3      | Reached XP level 4. HP: 27/31 MP: 0/0
  1648 | D:3      | HP: 1/31 [orc/+0 flail (3)]
  1965 | D:4      | Noticed a scorpion
  1968 | D:4      | Killed a scorpion
  1969 | D:4      | Reached skill level 4 in Spellcasting
  1969 | D:4      | Reached XP level 5. HP: 28/35 MP: 0/0
  1969 | D:4      | Learned a level 2 spell: Corpse Rot
  2174 | D:4      | You are sucked into a shaft and drop 1 floor!
  2174 | D:5      | Entered Level 5 of the Dungeon
  2174 | D:5      | Noticed a black bear
  2178 | D:4      | Noticed a necrophage
  2182 | D:4      | Killed a necrophage
  2183 | D:4      | Reached XP level 6. HP: 31/40 MP: 0/0
  2590 | D:4      | Noticed an ogre
  2594 | D:4      | Killed an ogre
  2595 | D:4      | Reached skill level 5 in Spellcasting
  2595 | D:4      | Reached XP level 7. HP: 39/46 MP: 0/0
  2595 | D:4      | Learned a level 3 spell: Gell's Gravitas
  3364 | D:6      | Reached skill level 6 in Spellcasting
  3600 | D:6      | Reached XP level 8. HP: 33/51 MP: 0/0
  3624 | D:6      | Reached skill level 7 in Spellcasting
  4239 | D:6      | Found a blossoming altar of Fedhas.
  4922 | D:7      | Found a staircase to the Ecumenical Temple.
  4928 | D:7      | Reached skill level 8 in Spellcasting
  4928 | D:7      | Reached XP level 9. HP: 50/56 MP: 0/0
  4928 | D:7      | Learned a level 4 spell: Sticky Flame
  4932 | D:7      | Noticed Prince Ribbit
  4940 | D:7      | Killed Prince Ribbit
  5031 | D:7      | Noticed a gargoyle
  5037 | D:7      | Killed a gargoyle
  5038 | D:7      | Reached skill level 1 in Fighting
  5089 | D:7      | Noticed Menkaure
  5094 | D:7      | Killed Menkaure
  5095 | D:7      | Reached skill level 9 in Spellcasting
  5525 | D:8      | Reached XP level 10. HP: 31/62 MP: 0/0
  5603 | D:8      | Reached skill level 10 in Spellcasting
  5670 | D:8      | Found a flagged portal.
  5737 | Bailey   | Entered a bailey
  5888 | Bailey   | Noticed an orc warlord
  5935 | Bailey   | Noticed an orc knight
  5951 | Bailey   | Killed an orc knight
  6024 | Bailey   | Found a runed translucent gate.
  6029 | Bailey   | Found a runed translucent gate.
  6030 | Bailey   | Found a runed translucent gate.
  6157 | Bailey   | Killed an orc warlord
  6158 | Bailey   | Reached skill level 11 in Spellcasting
  6299 | Bailey   | Identified the +3 chain mail of the Five Suns {rElec rF+
                  | Str+4}
  6301 | Bailey   | Acquired the +2 cloak of Noon {+Inv rPois Stlth-}
  6417 | D:8      | Found a staircase to the Lair.
  6573 | D:8      | Reached skill level 1 in Armour
  6632 | D:8      | Found a broken altar of Ashenzari.
  6906 | D:8      | Found a sacrificial altar of Ru.
  7713 | D:9      | Found a corrupted altar of Lugonu.
  7713 | D:9      | Noticed a green ugly thing
  7713 | D:9      | Noticed a white ugly thing
  7713 | D:9      | Noticed a white ugly thing
  7714 | D:9      | Noticed a red ugly thing
  7840 | D:9      | Reached XP level 11. HP: 49/67 MP: 0/0
  7840 | D:9      | Learned a level 4 spell: Summon Ice Beast
  7941 | D:9      | Found a transporter.
  7943 | D:9      | Found a transporter.
  8306 | D:9      | Noticed a two-headed ogre
  8321 | D:9      | Killed a two-headed ogre
  8492 | D:10     | Entered Level 10 of the Dungeon
  8533 | D:10     | Reached skill level 12 in Spellcasting
  9155 | D:10     | Noticed a two-headed ogre
  9172 | D:10     | Killed a two-headed ogre
  9606 | D:6      | Found an ornate altar of the Wu Jian Council.
  9709 | Temple   | Entered the Ecumenical Temple
  9800 | Temple   | Became a worshipper of Hepliaklqana the Forgotten
 10169 | D:5      | Noticed Blork the orc
 10174 | D:5      | Killed Blork the orc
 10381 | D:5      | Reached skill level 13 in Spellcasting
 10787 | D:2      | Noticed Sigmund
 10790 | D:2      | Killed Sigmund
 11010 | D:2      | Killed Natasha
 11024 | D:2      | Noticed Natasha
 11026 | D:2      | Killed Natasha
 11060 | D:2      | Noticed Natasha
 11062 | D:2      | Killed Natasha
 11228 | D:1      | Found a faded altar of an unknown god.
 11254 | D:1      | Reached * piety under Hepliaklqana
 11578 | D:2      | Bought the +1 leather armour of the Saviour {rC++ Regen+
                  | rCorr} for 445 gold pieces
 11611 | D:2      | Bought a scroll labelled TEDEAXT GAOXUS for 28 gold pieces
 11611 | D:2      | Bought a scroll labelled ARHOYZAPPE for 28 gold pieces
 11611 | D:2      | Bought a scroll labelled ZALIFAIRUOPH for 28 gold pieces
 11846 | Lair:1   | Entered Level 1 of the Lair of Beasts
 12002 | Lair:1   | Reached XP level 12. HP: 47/65 MP: 0/0
 12694 | Lair:2   | Reached ** piety under Hepliaklqana
 12955 | Lair:2   | Reached skill level 14 in Spellcasting
 13167 | Lair:2   | Noticed a six-headed hydra
 13172 | Lair:2   | Killed a six-headed hydra
 13516 | Lair:3   | Found a gate leading to a gauntlet.
 13540 | Lair:3   | Noticed a four-headed hydra
 13543 | Lair:3   | Noticed a seven-headed hydra
 13547 | Lair:3   | Killed a four-headed hydra
 13547 | Lair:3   | Killed a seven-headed hydra
 13548 | Lair:3   | Reached skill level 15 in Spellcasting
 13548 | Lair:3   | Reached XP level 13. HP: 9/69 MP: 0/0
 13548 | Lair:3   | Learned a level 5 spell: Freezing Cloud
 13645 | Gauntlet | Entered a Gauntlet
 13645 | Gauntlet | Found a transporter.
 13654 | Gauntlet | Found a transporter.
 13656 | Gauntlet | Found a transporter.
 13667 | Gauntlet | Found a transporter.
 13670 | Gauntlet | Found a transporter.
 13675 | Gauntlet | Noticed a cacodemon
 13678 | Gauntlet | Found a transporter.
 13698 | Gauntlet | Found a runed translucent gate.
 13699 | Gauntlet | Found a transporter.
 13699 | Gauntlet | Found a runed translucent gate.
 13700 | Gauntlet | Found a runed translucent gate.
 13701 | Gauntlet | Reached *** piety under Hepliaklqana
 13702 | Gauntlet | Noticed a jorogumo
 13702 | Gauntlet | a slime creature changed into a jorogumo
 13705 | Gauntlet | Noticed a spark wasp
 13705 | Gauntlet | a jorogumo changed into a spark wasp
 13710 | Gauntlet | Found a transporter.
 13710 | Gauntlet | Noticed an ettin
 13710 | Gauntlet | a spark wasp changed into an ettin
 13721 | Gauntlet | Found a transporter.
 13731 | Gauntlet | Noticed a green death
 13740 | Gauntlet | Found a transporter.
 13754 | Gauntlet | Found a transporter.
 13754 | Gauntlet | Found a transporter.
 13803 | Gauntlet | Found a transporter.
 13817 | Gauntlet | Found a transporter.
 13820 | Gauntlet | Noticed a boulder beetle
 13820 | Gauntlet | a slime creature changed into a boulder beetle
 13825 | Gauntlet | a boulder beetle changed into something unseen
 13832 | Gauntlet | Noticed a jorogumo
 13834 | Gauntlet | a jorogumo changed into an alligator
 13844 | Gauntlet | Noticed an entropy weaver
 13844 | Gauntlet | a goliath frog changed into an entropy weaver
 13848 | Gauntlet | Noticed an ice dragon
 13848 | Gauntlet | an entropy weaver changed into an ice dragon
 13850 | Gauntlet | an ice dragon changed into a tyrant leech
 13855 | Gauntlet | Noticed a broodmother
 13859 | Gauntlet | Noticed a boulder beetle
 13859 | Gauntlet | a broodmother changed into a boulder beetle
 13861 | Gauntlet | Noticed a radroach
 13861 | Gauntlet | a boulder beetle changed into a radroach
 13862 | Gauntlet | a radroach changed into a tyrant leech
 14017 | Gauntlet | Killed a green death
 14020 | Gauntlet | Identified the +5 broad axe "Fifieth" {speed, rC++ SInv}
 14026 | Gauntlet | Identified the -4 hat of Ignis's Favour {Int+3}
 14106 | Gauntlet | Noticed a minotaur
 14116 | Gauntlet | Mangled by a minotaur

Illustrated notes

Levels and vault maps discovered:
D:1:      dpeg_arrival_tiny_a, layout_basic, chequers_ecumenical_altar_island
D:2:      layout_loops_ring, serial_shops,
          nicolae_shop_competitors_out_of_business,
          nicolae_shop_overgrown_old_shop, uniq_natasha, uniq_sigmund
D:3:      layout_basic, lightli_temple_of_fire, nicolae_overflow_hidden_temple
D:4:      layout_basic, mainiacjoe_overflow_six_doors_small, hex_tiny
D:5:      layout_loops_ring, minmay_misc_feat_ornament, uniq_blork_the_orc
D:6:      layout_cave_pools, fedhas_altar_4, nzn_wu_jian_contemplation,
          corexii_hall_statues_x, minmay_ogre_servants
D:7:      layout_basic, minmay_temple_entry_junction, gammafunk_ghost_arena,
          uniq_menkaure, uniq_prince_ribbit1, uniq_joseph
D:8:      layout_layer_cave, nicolae_ashenzari_panopticon, minitemple,
          lair_entry_dummy, enter_bailey_3
D:9:      gammafunk_corrupted_shrine, layout_basic
D:10:     layout_loops_cross
Temple:   nicolae_temple_great_sept
Lair:1:   layout_cave_pods, beast_lair_carwin_8
Lair:2:   layout_gridlike, kennysheep_rathole
Lair:3:   layout_hall_layers, palyth_hydra_swamp_entry,
          minmay_snake_entry_guardpost_medium, nicolae_volcano_entry_s_turn,
          gauntlet_entry_generic, beast_lair_carwin_1
Gauntlet: minmay_gauntlet_77_tree [minmay_gauntlet_arena_77_museum,
          minmay_gauntlet_arena_77_two_lines,
          minmay_gauntlet_arena_77_two_paths, minmay_gauntlet_arena_77_box,
          minmay_gauntlet_arena_77_chump_sandwich,
          minmay_gauntlet_arena_77_run_for_it, minmay_gauntlet_arena_77_braids,
          dreamdust_gauntlet_exit_labyrinth]

Skill      XL: |  1  2  3  4  5  6  7  8  9 10 11 12 |
---------------+-------------------------------------+-----
Spellcasting   | 3 4 5 6 8 9 11 13 15 | 15.5
Stealth        | 2 3 4 |  4.1
Dodging        | 3 |  3.5
Fighting       | 1 |  1.2
Armour         | 2 3 |  3.6
Shields        | |  0.2

Action                   |  1- 3 |  4- 6 |  7- 9 | 10-12 | 13-15 || total
-------------------------+-------+-------+-------+-------+-------++-------
 Cast: Foxfire           |    76 |    33 |   110 |   467 |     9 ||   695
       Scorch            |     6 |     9 |    43 |    92 |    14 ||   164
       Inner Flame       |       |     8 |    50 |   157 |     9 ||   224
       Gell's Gravitas   |       |       |     1 |     1 |     2 ||     4
       Summon Ice Beast  |       |       |       |    19 |     5 ||    24
       Shock             |       |       |       |     1 |       ||     1
       Conjure Flame     |       |       |       |       |     1 ||     1
  Use: Scroll            |       |       |     1 |    10 |     1 ||    12
Armor: Robe              |     5 |       |       |       |       ||     5
       Troll leather arm |       |       |       |     6 |       ||     6
       Leather armour    |       |       |       |     2 |       ||     2
Dodge: Dodged            |     9 |     3 |     7 |    16 |     7 ||    42
Block: Other             |       |       |       |     4 |       ||     4
       Reflection        |       |       |       |     1 |       ||     1
